 Dungeon Crawl Stone Soup version 0.30-a0-913-g9934a0ce24 (webtiles) character file.

Game seed: 14514804519512609078

315 bobarctor the Grave Robber (level 6, -3/32 HPs)
             Began as a Deep Elf Necromancer on Mar 19, 2023.
             Slain by Edmund
             ... wielding a +3 flail of protection
              (16 damage)
             ... on level 4 of the Dungeon.
             The game lasted 00:18:09 (3333 turns).

bobarctor the Grave Robber (Deep Elf Necromancer)   Turns: 3333, Time: 00:18:09

Health: -3/32      AC:  2    Str:  5    XL:     6   Next: 20%
Magic:  6/16       EV: 17    Int: 22    God:
Gold:   160        SH:  0    Dex: 15    Spells: 5/16 levels left

rFire   . . .      SeeInvis .    h - +2 dagger (freeze)
rCold   . . .      Faith    .    (no shield)
rNeg    + . .      Spirit   .    a - +0 robe
rPois   .          Reflect  .    (no helmet)
rElec   .          Rampage  .    (no cloak)
rCorr   .                        (no gloves)
Will    .....                    (no boots)
Stlth   ++                       (no amulet)
HPRegen 0.25/turn                e - ring of positive energy
MPRegen 0.15/turn                i - +5 ring of evasion

@: on blink cooldown, very slightly contaminated
A: no striking features
a: no special abilities


You were on level 4 of the Dungeon.
You visited 1 branch of the dungeon, and saw 4 of its levels.

You collected 160 gold pieces.

Inventory:

Hand Weapons
 h - a +2 dagger of freezing (weapon)
 C - a +1 dagger of draining
Missiles
 q - 3 boomerangs
 u - 12 poisoned darts
Armour
 a - a +0 robe (worn)
 r - the +0 ring mail of Articulation {Drain rElec rCorr Str+4 Dex+2}
   (You found it on level 2 of the Dungeon)

   Str:       It affects your strength (+4).
   Dex:       It affects your dexterity (+2).
   rElec:     It insulates you from electricity.
   rCorr:     It protects you from acid and corrosion.
   Drain:     It drains your maximum health when unequipped.
Magical Staves
 k - a staff of earth
Jewellery
 c - a ring of fire
 e - a ring of positive energy (left hand)
 f - an amulet of guardian spirit
 i - a +5 ring of evasion (right hand)
Scrolls
 g - 2 scrolls of teleportation {unknown}
 j - 2 scrolls of fear {unknown}
 o - a scroll of amnesia {unknown}
 t - 2 scrolls of blinking {unknown}
 v - 2 scrolls of identify {unknown}
 w - a scroll of torment {unknown}
 y - a scroll of enchant armour {unknown}
 A - a scroll of noise {unknown}
 B - a scroll of vulnerability {unknown}
Potions
 b - a potion of magic
 d - 2 potions of haste {unknown}
 l - a potion of lignification {unknown}
 m - a potion of brilliance {unknown}
 n - 2 potions of curing
 p - 2 potions of mutation {unknown}
 s - 2 potions of might {unknown}
 x - 2 potions of heal wounds {unknown}
 z - a potion of cancellation {unknown}


   Skills:
 + Level 2.6 Dodging
 + Level 2.8 Stealth
 * Level 5.9 Spellcasting
 * Level 2.0 Conjurations
 * Level 1.7 Hexes
 + Level 6.0 Necromancy
 + Level 2.3 Translocations


You had 5 spell levels left.
You knew the following spells:

 Your Spells              Type           Power      Damage    Failure   Level
a - Necrotise             Necr           100%       1d9       1%          1
b - Vampiric Draining     Necr           33%        2d8       2%          3
c - Dazzling Flash        Conj/Hex       28%        N/A       13%         3
d - Wereblood             Tmut           6%         N/A       14%         2
e - Blink                 Tloc           34%        N/A       5%          2

Your spell library contained the following spells:

 Spells                   Type           Power      Damage    Failure   Level
 Sublimation of Blood     Necr           33%        N/A       1%          2
 Apportation              Tloc           34%        N/A       3%          1
 Lesser Beckoning         Tloc           34%        N/A       5%          2
 Momentum Strike          Conj/Tloc      32%        3d8       5%          2
 Animate Dead             Necr           33%        N/A       8%          4
 Summon Small Mammal      Summ           24%        N/A       10%         1
 Agony                    Necr           33%        N/A       22%         5
 Silence                  Hex/Air        5%         N/A       88%         5
 Summon Hydra             Summ           3%         N/A       100%        7


Dungeon Overview and Level Annotations

Branches:
Dungeon (4/15)
 Temple: D:4-7

Altars:
Cheibriados
Elyvilon
Uskayaw
Xom

Annotations:
D:4 Edmund


Message History

Confirm with . or Enter, or press ? or * to list all spells.
Aiming: Necrotise (safe; 1% risk of failure)
Press: ? - help, Shift-Dir - straight line, f/p - Edmund
Aim: Edmund, wielding a +3 flail of protection and wearing a +0 leather armour (lightly wounded, chance to affect: 83%) Edmund writhes in agony!
Edmund barely misses you.
Unknown command.
Unknown command.
Casting: Necrotise (safe; 1% risk of failure)
Confirm with . or Enter, or press ? or * to list all spells.
Aiming: Necrotise (safe; 1% risk of failure)
Press: ? - help, Shift-Dir - straight line, f/p - Edmund
Aim: Edmund, wielding a +3 flail of protection and wearing a +0 leather armour (moderately wounded, chance to affect: 83%) Edmund writhes in agony.
Edmund hits you with a +3 flail of protection!
Unknown command.
Unknown command.
Casting: Necrotise (safe; 1% risk of failure)
Confirm with . or Enter, or press ? or * to list all spells.
Aiming: Vampiric Draining (dangerous; 2% risk of failure)
Press: ? - help, Shift-Dir - straight line, f/p - Edmund
Aim: Edmund, wielding a +3 flail of protection and wearing a +0 leather armour (moderately wounded)
You draw life force from Edmund!
You feel life coursing into your body.
Edmund hits you with a +3 flail of protection!
Unknown command.
Unknown command.
Casting: Vampiric Draining (dangerous; 2% risk of failure)
Confirm with . or Enter, or press ? or * to list all spells.
Aiming: Vampiric Draining (dangerous; 2% risk of failure)
Press: ? - help, Shift-Dir - straight line, f/p - Edmund
Aim: Edmund, wielding a +3 flail of protection and wearing a +0 leather armour (heavily wounded)
Okay, then.
Casting: Vampiric Draining (dangerous; 2% risk of failure)
Confirm with . or Enter, or press ? or * to list all spells.
You blink.
Edmund attacks as you move away!
Edmund hits you with a +3 flail of protection!
Edmund attacks as you move away!
Edmund hits you with a +3 flail of protection!
Ouch! That really hurt!
You die...

#.# ##....
#.# #.#)) #.#
#.#.) #.#
.#..
#########.#
#..
#..[.ยง....#
#.#
#..####.### #
##.
###.@####.##
#. #.
#....@.....#
####.##.
#$#..####....
........
#.#..# ##.##
####....
#)#..# #.#
####. #.#..#
#.# ######>
#.#..# ##.##
.......
#.#...
...###.######
#.##.# #....
#. #.##.#
#..# #.


You could see Edmund.

Vanquished Creatures
  A scorpion (D:4)
  An orc priest (D:4)
  A hound (D:4)
  2 iguanas
  2 orc wizards
  3 adders
  2 dart slugs
  9 orcs
  7 endoplasms
  2 giant cockroaches
  2 goblins
  3 hobgoblins
  4 quokkas
  7 ball pythons
  3 bats
  7 kobolds
  3 rats
59 creatures vanquished.

Vanquished Creatures (collateral kills)
  A goblin (D:3)
1 creature vanquished.

Grand Total: 60 creatures vanquished

Notes
Turn   | Place    | Note
-------+----------+-------------------------------------------
     0 | D:1      | bobarctor the Deep Elf Necromancer began the quest for the
                  | Orb.
     0 | D:1      | Reached XP level 1. HP: 10/10 MP: 6/6
    78 | D:1      | Reached skill level 5 in Necromancy
   263 | D:1      | Reached XP level 2. HP: 15/15 MP: 4/8
  1232 | D:2      | Reached XP level 3. HP: 19/19 MP: 8/10
  1282 | D:2      | Learned a level 3 spell: Vampiric Draining
  1408 | D:2      | Identified the +0 ring mail of Articulation {Drain rElec
                  | rCorr Str+4 Dex+2}
  1947 | D:3      | Learned a level 3 spell: Dazzling Flash
  2000 | D:3      | Learned a level 2 spell: Wereblood
  2539 | D:3      | Reached XP level 4. HP: 18/24 MP: 6/12
  2585 | D:3      | Learned a level 2 spell: Blink
  2593 | D:3      | Reached skill level 1 in Conjurations
  2642 | D:3      | Reached skill level 1 in Translocations
  2799 | D:4      | Reached XP level 5. HP: 23/28 MP: 11/14
  2856 | D:4      | Noticed Edmund
  2899 | D:4      | Reached skill level 5 in Spellcasting
  2899 | D:4      | Reached skill level 1 in Hexes
  2960 | D:4      | Found a shimmering altar of Xom.
  2963 | D:4      | Noticed a phantom
  2964 | D:4      | Found a hide-covered altar of Uskayaw.
  2965 | D:4      | Found a white marble altar of Elyvilon.
  2965 | D:4      | Found a snail-covered altar of Cheibriados.
  3106 | D:4      | Reached XP level 6. HP: 19/32 MP: 9/16
  3223 | D:4      | Reached skill level 6 in Necromancy
  3333 | D:4      | Slain by Edmund

Illustrated notes

Levels and vault maps discovered:
D:1:      giann_forest_graveyard, layout_loops_ring
D:2:      layout_basic
D:3:      layout_basic
D:4:      layout_loops_ring, nicolae_gozag_cash_rules_everything_around_me,
          grunt_temple_overflow_open, uniq_edmund

Skill      XL: |  1  2  3  4  5  6 |
---------------+-------------------+-----
Necromancy     | 5 6 |  6.0
Spellcasting   | 4 5 |  5.9
Conjurations   | 1 2 |  2.0
Translocations | 2 |  2.3
Hexes          | 1 |  1.7
Dodging        | |  2.6
Stealth        | |  2.8

Action                     |  1- 3 |  4- 6 || total
---------------------------+-------+-------++-------
  Melee: Dagger            |     5 |    30 ||    35
   Cast: Necrotise         |    74 |    23 ||    97
         Vampiric Draining |     1 |    12 ||    13
         Blink             |       |     3 ||     3
   Stab: Sleeping          |       |     1 ||     1
 Armour: Robe              |     1 |     2 ||     3
  Dodge: Dodged            |     5 |    39 ||    44

Table legend: (Time is in decaauts)
 A = Elapsed time spent in this place.
 B = Non-inter-level travel time spent in this place.
 C = Inter-level travel time spent in this place.
 D = Time resting spent in this place.
 E = Time spent auto-exploring this place.
 F = Levels seen in this place.
 G = Mean time per level.
                   A        B        C        D        E       F      G
               +--------+--------+--------+--------+--------+-----+--------+
         Total |   3335 |   3264 |     71 |    410 |   2366 |   4 |  833.8 |
       Dungeon |   3335 |   3264 |     71 |    410 |   2366 |   4 |  833.8 |
               +--------+--------+--------+--------+--------+-----+--------+

Top non-repeatable levels by time:
     D:3: 1109 daAuts
     D:1: 945 daAuts
     D:2: 726 daAuts
     D:4: 554 daAuts
